 Dungeon Crawl Stone Soup version 0.27.0-1-g7a089689b8 (webtiles) character file.

Game seed: 9076018450459779791

41738 gimp the Severer (level 13, -15/190 HPs)
             Began as a Minotaur Berserker on Aug 2, 2021.
             Was an Elder of Trog.
             Killed from afar by an iron dragon (23 damage)
             ... with a spray of metal splinters
             ... on level 15 of the Dungeon.
             The game lasted 00:36:05 (16232 turns).

gimp the Severer (Minotaur Berserker)              Turns: 16232, Time: 00:36:05

Health: -15/190    AC: 14    Str: 26    XL:     13   Next: 81%
Magic:  12/12      EV: 10    Int:  4    God:    Trog [****..]
Gold:   158        SH: 18    Dex: 11    Spells: 12/12 levels left

rFire    . . .     SeeInvis .   a - +3 war axe
rCold    + . .     Faith    .   f - +0 kite shield
rNeg     . . .     Spirit   .   F - +2 scale mail {rC+}
rPois    +         Reflect  +   R - +1 hat
rElec    .         Harm     .   (no cloak)
rCorr    +         Rampage  .   (no gloves)
Will     ++...                  l - +0 pair of boots
Stlth    ..........             g - amulet of reflection
HPRegen  1.41/turn              M - ring of poison resistance
MPRegen  0.13/turn              d - ring of resist corrosion

@: berserking, strong-willed, regenerating, very quick
A: horns 2, retaliatory headbutt
a: Renounce Religion, Berserk, Trog's Hand, Brothers in Arms


You were on level 15 of the Dungeon.
You worshipped Trog.
Trog was greatly pleased with you.
You visited 1 branch of the dungeon, and saw 15 of its levels.

You collected 838 gold pieces.
You spent 680 gold pieces at shops.

Inventory:

Hand Weapons
 a - a +3 war axe (weapon)
 b - a +3 war axe
Missiles
 G - 36 poisoned darts (quivered)
 O - 8 curare-tipped darts
Armour
 f - a +0 kite shield (worn)
 l - a +0 pair of boots (worn)
 F - a +2 scale mail of cold resistance (worn)
 R - a +1 hat (worn)
Jewellery
 d - a ring of resist corrosion (right hand)
 g - an amulet of reflection (around neck)
 q - a ring of willpower
 s - a ring of protection from cold
 K - a ring of fire
 M - a ring of poison resistance (left hand)
 T - a ring of see invisible
Wands
 h - a wand of digging (6)
 y - a wand of acid (8)
 I - a wand of iceblast (25)
 Q - a wand of paralysis (22)
 X - a wand of flame (6)
 Y - a wand of charming (10)
Scrolls
 c - 7 scrolls of identify {unknown}
 e - 5 scrolls of immolation {unknown}
 i - 3 scrolls of torment {unknown}
 j - 2 scrolls of noise {unknown}
 o - 2 scrolls of magic mapping {unknown}
 w - 2 scrolls of summoning {unknown}
 z - a scroll of fear {unknown}
 A - 3 scrolls of enchant armour {unknown}
 B - 3 scrolls of amnesia {unknown}
 C - a scroll of fog {unknown}
 L - a scroll of holy word {unknown}
 N - a scroll of teleportation {unknown}
 S - a scroll of enchant weapon {unknown}
Potions
 k - 2 potions of attraction {unknown}
 m - a potion of ambrosia {unknown}
 n - a potion of invisibility {unknown}
 p - 2 potions of resistance {unknown}
 r - 5 potions of curing {unknown}
 u - 2 potions of lignification {unknown}
 v - 2 potions of flight {unknown}
 D - 2 potions of magic {unknown}
 E - a potion of might {unknown}
 J - 2 potions of heal wounds {unknown}
 P - a potion of berserk rage
 U - 2 potions of haste {unknown}
 V - a potion of brilliance {unknown}
 Z - 2 potions of cancellation {unknown}
Miscellaneous
 W - a condenser vane (inert)


   Skills:
 + Level 15.2 Fighting
 - Level 18.0 Axes
 - Level 15.0 Armour
 + Level 2.4 Dodging
 + Level 11.0 Shields


You had 12 spell levels left.
You didn't know any spells.
Your spell library was empty.

Dungeon Overview and Level Annotations

Branches:
Dungeon (14/15)            Temple (0/1) D:7            Lair (0/6) D:9
    Orc (0/2) D:10         Vaults (0/5) D:13

Altars:
Kikubaaqudgha
Vehumet
Wu Jian
The Shining One
Beogh

Shops:
D:9 *   D:10 =


Innate Abilities, Weirdness & Mutations

You have a pair of horns on your head.
You reflexively headbutt those who attack you in melee.


Message History

The iron dragon barely misses you.
You take 25 damage, and have 28/127 hp.
Okay, then.
A red film seems to cover your vision as you go berserk!
You feel yourself moving faster!
You feel mighty!
The wind drake is engulfed in noxious fumes.
The wind drake appears confused.
The deep elf pyromancer is engulfed in noxious fumes.
The deep elf pyromancer appears confused.
The iron dragon breathes metal splinters at you.
The spray of metal splinters hits you!!
* * * LOW HITPOINT WARNING * * *
You now have 13/190 hp.
You are too injured to fight recklessly!
You are too injured to fight recklessly!
You slash the iron dragon! Your headbutt misses the iron dragon.
The iron dragon is moderately wounded.
The wind drake bites something!
The wind drake barely misses itself.
You slash the iron dragon!
The iron dragon is moderately wounded.
The deep elf pyromancer is engulfed in noxious fumes.
The deep elf pyromancer appears confused.
You slash the iron dragon!
The iron dragon is heavily wounded.
The iron dragon bites you!
* * * LOW HITPOINT WARNING * * *
You block the iron dragon's attack. x2
You take 10 damage, and have 5/190 hp.
You barely miss the iron dragon. Your headbutt misses the iron dragon.
The iron dragon is heavily wounded.
The wind drake bites something.
The deep elf pyromancer is engulfed in noxious fumes.
You completely miss the iron dragon.
The iron dragon is heavily wounded.
The wind drake closely misses the boggart.
You slash the iron dragon! Your headbutt misses the iron dragon.
The iron dragon is heavily wounded.
The iron dragon breathes metal splinters at you.
The spray of metal splinters hits you!!
You die...

#......#......#'≈.
#..##.#÷#.#.#..#≈.
#.#.#..#..#...#+≈.
#.##..#'#.###..#≈.
##......#......##≈P
#######'########.#.#.# ≈≈
#......## .k. =##+#'## ##
+#.#...###g# .$#.#.#.####
#...#..#@§# ..?#......#..
+#...#.#D##.g# #..##.#'#.
#......#§☼§# #.#.#..#..
##.#.#.#'#.# #.##..#+#.
##+#'##.+... ##..(...#..
#.#..#######'########.
#......#......##()....##
#...P⌠.#+#.#...#......##.
+#.P8P..#...#..#(...#.'#.


You could see an iron dragon (catching breath, corroded), a wind drake
(confused) and a boggart.

Vanquished Creatures
  4 vault guards (D:13)
  A hydra (D:13)
  5 boulder beetles
  2 two-headed ogres
  6 centaur warriors
  A catoblepas (D:15)
  4 skeletal warriors
  A deep troll (D:15)
  A wizard (D:12)
  An orb spider (shapeshifter) (D:15)
  4 orc knights
  3 ugly things
  A deep elf pyromancer (D:14)
  A manticore (D:15)
  3 cyclopes
  An elephant (D:9)
  A guardian serpent (shapeshifter) (D:15)
  2 gargoyles
  A cane toad (shapeshifter) (D:13)
  4 kobold demonologists
  An efreet (D:12)
  A komodo dragon (D:11)
  A yaktaur (D:15)
  3 freezing wraiths (D:15)
  A hornet (D:8)
  4 trolls
  A meliai (shapeshifter) (D:13)
  Grinder (D:6)
  9 slime creatures (D:12)
  Prince Ribbit (D:8)
  A tyrant leech (shapeshifter) (D:15)
  A shadow (D:12)
  A centaur simulacrum (D:14)
  2 redbacks (D:15)
  Grum (D:10)
  6 yaks
  A wraith (D:11)
  2 wyverns
  2 basilisks
  Edmund (D:4)
  4 acid dragons
  4 water moccasins
  Duvessa (D:6)
  8 orc warriors
  5 black bears
  4 ogres
  A wolf (shapeshifter) (D:15)
  4 wolves (D:10)
  11 centaurs
  2 phantoms
  4 kobold brigands
  4 bullfrogs
  A scorpion (D:6)
  Dowan (D:6)
  A killer bee (D:9)
  19 wights
  2 howler monkeys (D:8)
  A bullfrog zombie (D:5)
  9 centaur zombies
  4 hounds
  4 orc priests
  A bullfrog skeleton (D:4)
  A jelly (D:5)
  2 iguanas (D:4)
  10 orc wizards
  A killer bee zombie (D:6)
  A hound skeleton (D:4)
  A mummy (D:6)
  A howler monkey skeleton (D:6)
  2 adders
  A shadow imp (D:7)
  2 white imps (D:8)
  An adder skeleton (D:4)
  2 worms (D:2)
  4 dart slugs
  35 orcs
  2 bats (D:1)
  7 endoplasms
  5 giant cockroaches
  4 goblins
  8 hobgoblins
  6 jackals
  21 kobolds
  A kobold (shapeshifter) (D:13)
  5 quokkas
  10 ball pythons
  3 frilled lizards
  A hobgoblin zombie (D:6)
  2 kobold zombies (D:6)
  An orc zombie (D:6)
  7 rats
330 creatures vanquished.

Vanquished Creatures (collateral kills)
  3 hydras (D:11)
  4 skeletal warriors (D:12)
  2 wraiths (D:11)
  A necrophage (D:11)
  A wight (D:11)
11 creatures vanquished.

Vanquished Creatures (others)
  A kobold brigand (D:4)
  An iguana (D:7)
  A plant (D:9)
  4 withered plants (D:11)
7 creatures vanquished.

Grand Total: 348 creatures vanquished

Notes
Turn   | Place    | Note
-------+----------+-------------------------------------------
     0 | D:1      | gimp the Minotaur Berserker began the quest for the Orb.
     0 | D:1      | Reached XP level 1. HP: 19/19 MP: 0/0
   138 | D:1      | Reached skill level 4 in Axes
   138 | D:1      | Reached XP level 2. HP: 24/27 MP: 1/1
   661 | D:1      | Reached XP level 3. HP: 33/33 MP: 2/2
   773 | D:1      | Found a faded altar of an unknown god.
   797 | D:1      | Reached ** piety under Trog
  1360 | D:2      | Reached skill level 5 in Axes
  1360 | D:2      | Reached XP level 4. HP: 26/40 MP: 3/3
  1538 | D:2      | Found a radiant altar of Vehumet.
  2850 | D:4      | Noticed Edmund
  2860 | D:4      | Reached XP level 5. HP: 47/47 MP: 4/4
  2872 | D:4      | Killed Edmund
  2873 | D:4      | Reached skill level 5 in Fighting
  2873 | D:4      | Reached skill level 6 in Axes
  2873 | D:4      | Reached XP level 6. HP: 37/56 MP: 5/5
  3100 | D:4      | Reached skill level 7 in Axes
  3379 | D:4      | Reached skill level 5 in Armour
  3379 | D:4      | Reached XP level 7. HP: 56/62 MP: 6/6
  3540 | D:4      | Reached *** piety under Trog
  3541 | D:4      | Reached skill level 8 in Axes
  3737 | D:4      | Reached skill level 9 in Axes
  4062 | D:4      | Reached XP level 8. HP: 69/71 MP: 7/7
  4147 | D:5      | Entered Level 5 of the Dungeon
  4180 | D:5      | Found a radiant altar of Vehumet.
  4316 | D:5      | Reached skill level 10 in Axes
  5080 | D:6      | Noticed Grinder
  5088 | D:6      | Reached skill level 11 in Axes
  5092 | D:6      | Killed Grinder
  5182 | D:6      | Reached skill level 12 in Axes
  5198 | D:6      | You fall into a shaft and drop 1 floor!
  5204 | D:7      | Reached XP level 9. HP: 76/81 MP: 8/8
  5499 | D:6      | Reached skill level 13 in Axes
  5499 | D:6      | Noticed Dowan
  5505 | D:6      | Killed Dowan
  5505 | D:6      | Reached **** piety under Trog
  5505 | D:6      | Noticed Duvessa
  5509 | D:6      | Killed Duvessa
  6206 | D:7      | Reached skill level 14 in Axes
  6825 | D:7      | Found a staircase to the Ecumenical Temple.
  7064 | D:8      | Noticed Prince Ribbit
  7067 | D:8      | Killed Prince Ribbit
  7068 | D:8      | Reached skill level 15 in Axes
  7149 | D:8      | Noticed a two-headed ogre
  7158 | D:8      | Killed a two-headed ogre
  7159 | D:8      | Reached XP level 10. HP: 91/91 MP: 9/9
  7572 | D:9      | Reached skill level 16 in Axes
  7599 | D:9      | Noticed an elephant
  7600 | D:9      | Found a staircase to the Lair.
  7609 | D:9      | Killed an elephant
  7613 | D:9      | Reached skill level 10 in Fighting
  7758 | D:9      | Reached ***** piety under Trog
  7853 | D:9      | Reached skill level 10 in Armour
  7972 | D:9      | Identified the +3 ring mail "Ype Ras" {rN+ Int+3 Stlth+}
  8090 | D:9      | Found Tuzxayl's General Store.
  8125 | D:9      | Reached skill level 17 in Axes
  8125 | D:9      | Noticed a frost giant
  8658 | D:10     | Entered Level 10 of the Dungeon
  8666 | D:10     | Noticed a soul eater
  8668 | D:10     | Noticed a two-headed ogre
  8669 | D:10     | Reached XP level 11. HP: 91/101 MP: 10/10
  8674 | D:10     | Noticed an orc knight
  8679 | D:10     | Killed a two-headed ogre
  8687 | D:10     | Noticed an orc knight
  8688 | D:10     | Found a staircase to the Orcish Mines.
  8690 | D:10     | Killed an orc knight
  8873 | D:10     | Received a gift from Trog
  8891 | D:9      | Killed an orc knight
  9197 | D:10     | Noticed Grum
  9216 | D:10     | Killed Grum
  9589 | D:10     | Found Georre Roekk's Jewellery Shoppe.
 10193 | D:11     | Noticed a skeletal warrior
 10265 | D:10     | Killed a skeletal warrior
 10367 | D:11     | Reached skill level 18 in Axes
 10379 | D:11     | Reached skill level 1 in Shields
 10423 | D:11     | Noticed a five-headed hydra
 10434 | D:11     | Killed a five-headed hydra
 10584 | D:11     | Noticed a seven-headed hydra
 10593 | D:11     | Killed an eight-headed hydra
 10610 | D:11     | Noticed a seven-headed hydra
 10614 | D:11     | Killed an eight-headed hydra
 10633 | D:11     | Noticed a skeletal warrior
 10636 | D:11     | Noticed a skeletal warrior
 10674 | D:11     | Killed a skeletal warrior
 10676 | D:11     | Reached XP level 12. HP: 105/112 MP: 11/11
 10694 | D:11     | Reached skill level 5 in Shields
 11399 | D:9      | Bought a condenser vane for 680 gold pieces
 12695 | D:12     | Noticed a boulder beetle
 12704 | D:12     | Killed a boulder beetle
 13253 | D:13     | Noticed a centaur warrior
 13257 | D:13     | Killed a centaur warrior
 13556 | D:13     | Noticed a centaur warrior
 13561 | D:13     | Killed a centaur warrior
 13733 | D:13     | Found a gate to the Vaults.
 13733 | D:13     | Noticed a boulder beetle
 13733 | D:13     | Noticed a vault guard
 13733 | D:13     | Noticed a vault guard
 13733 | D:13     | Noticed a vault guard
 13733 | D:13     | Noticed a boulder beetle
 13733 | D:13     | Noticed a vault guard
 13733 | D:13     | Noticed a seven-headed hydra
 13738 | D:13     | Killed a nine-headed hydra
 13744 | D:13     | Killed a boulder beetle
 13745 | D:13     | Reached XP level 13. HP: 118/123 MP: 12/12
 14783 | D:14     | You fall into a shaft and drop 1 floor!
 14783 | D:15     | Entered Level 15 of the Dungeon
 14783 | D:15     | Noticed a fire dragon
 14785 | D:15     | a fire dragon changed into a goliath frog
 15101 | D:15     | Reached skill level 10 in Shields
 15649 | D:15     | Reached skill level 15 in Fighting
 15852 | D:15     | Found an ornate altar of the Wu Jian Council.
 15852 | D:15     | Found an ancient bone altar of Kikubaaqudgha.
 15857 | D:15     | Found a glowing golden altar of the Shining One.
 16120 | D:15     | Reached skill level 15 in Armour
 16200 | D:15     | Noticed an iron dragon
 16201 | D:15     | Found the ring of the Octopus King
 16229 | D:15     | HP: 5/190 [iron dragon (10)]
 16232 | D:15     | Killed from afar by an iron dragon

Illustrated notes

Levels and vault maps discovered:
D:1:      dpeg_arrival_solitude, layout_loops_ring,
          shapermc_ecumenical_altar_starsandcircs
D:2:      layout_loops_ring, basic_altar, minmay_unequal
D:3:      layout_basic
D:4:      layout_basic, roderic_roman_lattice, uniq_edmund
D:5:      layout_loops_corners, mainiacjoe_overflow_chevrons
D:6:      layout_basic, serial_bayou_pond_e, minmay_mini_ossuary, uniq_grinder,
          uniq_duvessa
D:7:      layout_basic, temple_green, lemuel_flamethrower_2
D:8:      layout_gridville, grunt_ministairs_3, uniq_prince_ribbit1
D:9:      layout_basic, david_lair_generic, serial_shops, kennysheep_little_box,
          wad_dig_loot
D:10:     layout_gridville, david_orc_5, serial_shops,
          nicolae_shop_behind_doors, uniq_grum
D:11:     layout_rooms, serial_undead, serial_undead_f, serial_undead_e,
          serial_undead_d, serial_undead_d, serial_undead_d, serial_undead_d,
          serial_undead_e, serial_undead_b, kennysheep_generic_room_9
D:12:     layout_stronghold, grunt_decor_cap
D:13:     layout_stronghold, lightli_vaults_fourway_checkpoint
D:14:     layout_rooms, serial_shops, nicolae_shop_trees,
          nicolae_dithmenos_through_a_glass_darkly, serial_bayou_ford_a,
          uniq_kirke, uniq_azrael
D:15:     hangedman_slaughterboxes

Skill      XL: |  1  2  3  4  5  6  7  8  9 10 11 12 13 |
---------------+----------------------------------------+-----
Axes           | 4 5 6 7 9 12 15 17 18 | 18.0
Fighting       | 4 5 6 8 9 10 12 13 15 | 15.2
Armour         | 3 4 5 6 7 9 10 12 13 15 | 15.0
Shields        | 4 8 11 | 11.0
Dodging        | |  2.4

Action                   |  1- 3 |  4- 6 |  7- 9 | 10-12 | 13-15 || total
-------------------------+-------+-------+-------+-------+-------++-------
Melee: Hand axe          |   114 |    71 |       |       |       ||   185
       Headbutt          |    22 |     6 |    19 |    80 |    42 ||   169
       Battleaxe         |       |    14 |   185 |   342 |    18 ||   559
       War axe           |       |       |       |       |   135 ||   135
Invok: Berserk           |       |     2 |     4 |    12 |     5 ||    23
       Trog's Hand       |       |     2 |     1 |     5 |     2 ||    10
       Brothers in Arms  |       |       |       |     4 |       ||     4
Evoke: Condenser vane    |       |       |       |     1 |     1 ||     2
       Wand              |       |       |       |       |    12 ||    12
 Stab: Paralysed         |       |       |       |       |     2 ||     2
Armor: Leather armour    |    14 |       |       |       |       ||    14
       Plate armour      |    23 |    32 |    93 |       |       ||   148
       Scale mail        |       |       |    11 |   134 |    37 ||   182
Dodge: Dodged            |    61 |    24 |    54 |   150 |    23 ||   312
Block: Other             |       |    21 |    52 |    69 |     2 ||   144
       Reflection        |       |       |     4 |     3 |     8 ||    15
       Kite shield       |       |       |       |       |   103 ||   103
